 Dungeon Crawl Stone Soup version 0.20.1-1-g8b1a95d (webtiles) character file.

81 Minstaer the Chopper (level 4, -1/41 HPs)
             Began as a Hill Orc Monk on Nov 5, 2017.
             Slain by urutzu's ghost (3 damage)
             ... on level 3 of the Dungeon.
             The game lasted 00:19:09 (1993 turns).

Minstaer the Chopper (Hill Orc Monk)                Turns: 1993, Time: 00:19:10

Health: -1/41      AC:  6    Str: 14    XL:     4   Next: 40%
Magic:  4/4        EV: 10    Int: 10    God:
Gold:   137        SH:  0    Dex: 13    Spells: 3/3 levels left

rFire    . . .     SeeInvis .   a - +0 hand axe
rCold    . . .     Gourm    .   (no shield)
rNeg     . . .     Faith    .   j - +0 ring mail
rPois    .         Spirit   .   B - +0 helmet
rElec    .         Reflect  .   (no cloak)
rCorr    .         Harm     .   (no gloves)
MR       .....                  (no boots)
Stlth    +.........             (no amulet)
Regen    0.2/turn               (no ring)
MPRegen  0.1/turn               (no ring)

@: glowing, very heavily drained
A: no striking features
a: no special abilities


You were on level 3 of the Dungeon.
You were not hungry.

You visited 1 branch of the dungeon, and saw 3 of its levels.

You collected 137 gold pieces.

Inventory:

Hand Weapons
 a - a +0 hand axe (weapon)
 b - a +0 hunting sling
 y - a +0 short sword of speed
 A - a +0 dagger of venom
Missiles
 g - 84 stones (quivered)
 l - 15 sling bullets
 q - 8 needles of confusion
 t - 19 arrows
Armour
 e - a +0 robe
 f - a +0 leather armour
 j - a +0 ring mail (worn)
 B - a +0 helmet (worn)
Jewellery
 m - an uncursed ring of protection from magic {unknown}
Scrolls
 h - a scroll of teleportation {unknown}
 k - a scroll of immolation {unknown}
 p - a scroll of identify
 r - a scroll of recharging {unknown}
 u - a scroll of remove curse {unknown}
 v - a scroll of enchant armour {unknown}
 w - a scroll of enchant weapon {unknown}
 x - a scroll of blinking {unknown}
Potions
 d - 2 potions of brilliance {unknown}
 i - 2 potions of berserk rage {unknown}
 n - a potion of magic
 z - a potion of flight
Comestibles
 c - 3 bread rations
 o - 3 fruits
 s - a meat ration


   Skills:
 + Level 4.5(0.8) Fighting
 * Level 6.0(2.1) Axes
 - Level 2.4(0.0) Dodging
 - Level 1.5(0.0) Stealth


You had 3 spell levels left.
You didn't know any spells.

Dungeon Overview and Level Annotations

Branches:
Dungeon (3/15)

Altars:
Elyvilon
Gozag
Zin

Shops:
D:2 *

Annotations:
D:2 Sigmund
D:3 urutzu's ghost, amateur SpEn


Message History

You barely miss urutzu's ghost.
Urutzu's ghost is heavily damaged.
Urutzu's ghost hits you.
* * * LOW HITPOINT WARNING * * *
You feel drained.
You miss urutzu's ghost.
Urutzu's ghost is heavily damaged.
Urutzu's ghost hits you but does no damage.
You feel drained. Urutzu's ghost hits you.
* * * LOW HITPOINT WARNING * * *
You feel drained.
* * * LOW HITPOINT WARNING * * *
You hit urutzu's ghost.
Urutzu's ghost is heavily damaged.
Urutzu's ghost hits you but does no damage.
You feel drained.
You miss urutzu's ghost.
Urutzu's ghost is heavily damaged.
Urutzu's ghost hits you.
You die...

........##........
#.......##########
#######.#
#.......#
#.####### #.# #.#
#.# #@# #..W...#
#...(..# ........#
###.....(#
#.$....# #.....(#
#......#


You could see urutzu's ghost.

Vanquished Creatures
  4 adders
  A worm (D:2)
  2 dart slugs (D:1)
  A ball python (D:1)
  2 giant cockroaches
  5 goblins
  2 hobgoblins
  3 jackals (D:2)
  4 bats (D:1)
  5 frilled lizards
  8 kobolds
  5 rats
42 creatures vanquished.

Notes
Turn   | Place    | Note
-------+----------+-------------------------------------------
     0 | D:1      | Minstaer the Hill Orc Monk began the quest for the Orb.
     0 | D:1      | Reached XP level 1. HP: 19/19 MP: 1/1
   284 | D:1      | Reached XP level 2. HP: 27/27 MP: 2/2
   483 | D:1      | Reached skill level 5 in Axes
   819 | D:2      | Found an opulent altar of Gozag.
   819 | D:2      | Found Gozag's Platinum Reserve.
   827 | D:2      | Reached XP level 3. HP: 33/33 MP: 3/3
  1171 | D:2      | Found a white marble altar of Elyvilon.
  1172 | D:2      | Found a glowing silver altar of Zin.
  1216 | D:2      | Noticed Sigmund
  1695 | D:2      | Reached XP level 4. HP: 30/41 MP: 4/4
  1961 | D:3      | Reached skill level 6 in Axes
  1970 | D:3      | Noticed urutzu's ghost (amateur SpEn)
  1991 | D:3      | HP: 2/41 [urutzu's ghost (1)]
  1993 | D:3      | Slain by urutzu's ghost

Skill      XL: |  1  2  3  4 |
---------------+-------------+-----
Axes           | 5 6 |  6.0
Fighting       | 4 |  4.5
Dodging        | |  2.4
Stealth        | |  1.5

Action                   |  1- 3 |  4- 6 || total
-------------------------+-------+-------++-------
Melee: Hand axe          |    82 |    31 ||   113
 Fire: Hunting sling     |    37 |     5 ||    42
  Use: Scroll            |       |     2 ||     2
 Stab: Sleeping          |     2 |       ||     2
       Distracted        |     1 |       ||     1
  Eat: Chunk             |     2 |     1 ||     3
Armor: Robe              |     6 |       ||     6
       Leather armour    |     8 |     1 ||     9
       Ring mail         |     3 |    10 ||    13
Dodge: Dodged            |    41 |    15 ||    56
